AoeStats
← PALITOMAN

Arena

509452790Analyzed
3v3 RM · 6d ago on Sep 26, 2026· 67m 9s· 6 players
Game mode
Random Map
Map size
Normal (6 player)
Population
200
Speed
Normal
Resources
Standard
Victory
Conquest
Starting age
Dark Age
Ending age
Imperial Age
RankedLock teamsTeams togetherTeam positionsShared explorationLock speedFull tech treeHidden civsTurbo modeCheats
Victory
Defeat
🇩🇪 Ethiopians · Germany
1283
+10
🇩🇪 Goths · Germany
1276
+10
🇩🇪 Cumans · Germany
1084
+19
🇳🇴 Gurjaras · Norway
1181
-31
🇦🇷 Bohemians · Argentina
1136
-13
🇪🇸 Byzantines · Spain
1115
-12
ELTRAVERO
11:01 Feudal Age
9:19 Loom
11:04 Feudal Age
12:08 Double-Bit Axe
12:07 Man-at-Arms
16:01 Scale Mail Armor
17:32 Town Watch
26:42 Wheelbarrow
33:41 Castle Age
33:43 Elite Skirmisher
34:44 Bow Saw
34:52 Hand Cart
35:13 Fervor
35:15 Padded Archer Armor
42:01 Sanctity
42:27 Fletching
44:14 Scale Barding Armor
44:05 Bodkin Arrow
48:11 Chain Barding Armor
49:18 Town Patrol
51:09 Husbandry
56:56 Imperial Age
55:01 Ballistics
57:48 Chemistry
57:49 Bracer
59:01 Houfnice
61:05 Squires
60:25 Pikeman
61:31 Chain Mail Armor
61:26 Forging
60:41 Long Swordsman
61:06 Arson
63:01 Two-Handed Swordsman
63:52 Champion
65:31 Plate Mail Armor
65:36 Iron Casting
PALITOMAN
10:46 Feudal Age
12:19 Double-Bit Axe
16:04 Castle Age
21:41 Imperial Age
23:25 Chemistry
33:21 Padded Archer Armor
42:01 Leather Archer Armor
45:29 Ring Archer Armor
50:46 Forging
50:37 Scale Mail Armor
52:10 Pikeman
55:06 Halberdier
57:04 Bow Saw
56:36 Horse Collar
57:38 Chain Mail Armor
57:58 Iron Casting
59:23 Conscription
61:00 Arson
65:21 Plate Mail Armor
65:48 Scale Barding Armor
66:56 Two-Man Saw
GodlySiege
9:48 Feudal Age
11:25 Loom
14:41 Castle Age
12:59 Horse Collar
13:04 Double-Bit Axe
16:03 Forging
22:08 Kshatriyas
25:26 Scale Mail Armor
27:51 Chain Mail Armor
32:16 Fletching
62:55 Bloodlines
62:46 Husbandry
66:36 Imperial Age
63:41 Light Cavalry
64:31 Scale Barding Armor
ڱamsong
9:46 Feudal Age
10:40 Loom
11:45 Double-Bit Axe
15:02 Fletching
15:13 Padded Archer Armor
21:04 Castle Age
22:01 Thumb Ring
21:17 Crossbowman
23:07 Bow Saw
22:42 Horse Collar
28:11 Bodkin Arrow
28:32 Leather Archer Armor
29:03 Scale Mail Armor
29:15 Forging
30:31 Wheelbarrow
29:42 Town Watch
39:39 Hand Cart
46:19 Elite Skirmisher
49:19 Leather Archer Armor
52:38 Ballistics
57:49 Heavy Plow
60:11 Caravan
63:14 Imperial Age
63:16 Chain Mail Armor
63:37 Iron Casting
65:00 Chemistry
64:02 Bracer
64:33 Ring Archer Armor
64:35 Arbalester
66:46 Ring Archer Armor
Triggler
10:08 Feudal Age
10:35 Double-Bit Axe
12:31 Gold Mining
19:52 Wheelbarrow
24:39 Castle Age
23:21 Horse Collar
24:50 Capped Ram
26:13 Bow Saw
30:57 Hand Cart
31:20 Gold Shaft Mining
31:58 Heavy Plow
34:03 Forging
34:00 Scale Barding Armor
36:26 Light Cavalry
37:17 Bloodlines
42:50 Caravan
44:07 Iron Casting
43:54 Chain Barding Armor
52:33 Imperial Age
53:59 Plate Barding Armor
54:09 Hussar
54:52 Onager
56:12 Crop Rotation
56:46 Two-Man Saw
55:32 Elite Skirmisher
56:41 Padded Archer Armor
56:31 Fletching
57:48 Blast Furnace
58:55 Bodkin Arrow
59:21 Leather Archer Armor
Balzi
10:03 Feudal Age
8:20 Loom
10:31 Double-Bit Axe
10:36 Man-at-Arms
12:29 Forging
16:45 Scale Mail Armor
17:42 Horse Collar
23:45 Castle Age
24:31 Squires
23:54 Long Swordsman
26:09 Chain Mail Armor
28:14 Iron Casting
31:48 Gold Mining
32:14 Bow Saw
42:17 Wheelbarrow
46:12 Imperial Age
43:57 Hand Cart
45:19 Heavy Plow
45:21 Stone Mining
47:39 Two-Handed Swordsman
49:23 Blast Furnace
50:13 Champion
50:24 Elite Huskarl
58:17 Anarchy
59:43 Chemistry
62:38 Perfusion
Connection lost

Rejoining the realm…

Still unreachable

The connection could not be restored.

Session expired

The server has moved on; the page needs a fresh start.